[Event "*** SCC Grand Prix: Titled Tuesday Blitz"]
[Site "Chess.com"]
[Date "2020.06.02"]
[Round "5"]
[White "Vaathi_Coming"]
[Black "Niclox"]
[Result "0-1"]
[WhiteElo "2863"]
[BlackElo "2675"]
[TimeControl "180+1"]
[EndTime "10:57:42 PDT"]
[Termination "Niclox won by resignation"]

1. e4 c5 2. Nf3 d6 3. Bb5+ Bd7 4. a4 Nc6 5. O-O a6 6. Bxc6 Bxc6 7. Re1 e5 8. d3 h6 9. a5 g5 10. Nfd2 Ne7 11. Nc4 Bg7 12. Nbd2 O-O 13. Nf1 f5 14. b3 Ng6 15. Ba3 Qf6 16. f3 f4 17. b4 cxb4 18. Bxb4 Rad8 19. c3 Nh4 20. d4 h5 21. Qb3 Kh7 22. Bxd6 g4 23. Bxf8 Qxf8 24. Nfd2 exd4 25. cxd4 Bxd4+ 26. Kh1 Qg7 27. Ra2 Nxg2 28. Rf1 Nh4 29. Qd3 g3 30. hxg3 fxg3 31. e5+ Kh8 32. Rg1 g2+ 33. Kh2 Bxg1+ 34. Kxg1 Rxd3 0-1

[Event "*** SCC Grand Prix: Titled Tuesday Blitz"]
[Site "Chess.com"]
[Date "2020.06.02"]
[Round "5"]
[White "Bastiandash"]
[Black "BIG_Pirate"]
[Result "0-1"]
[WhiteElo "2115"]
[BlackElo "2362"]
[TimeControl "180+1"]
[EndTime "10:57:42 PDT"]
[Termination "BIG_Pirate won on time"]

1. d4 d5 2. Nf3 Nf6 3. Bg5 Bf5 4. e3 e6 5. Bd3 Bg6 6. O-O c5 7. c3 Nc6 8. Ne5 Be7 9. f4 Bxd3 10. Qxd3 Ne4 11.
Bxe7 Qxe7 12. Nd2 Nxd2 13. Qxd2 O-O 14. Rf3 f6 15. Nxc6 bxc6 16. Re1 c4 17. e4 Rab8 18. exd5 cxd5 19. f5 Qb7 20. fxe6 Qxb2 21. Qf4 Qb6 22. Qf5 Qd6 23. Rg3 Rbe8 24. Qg4 g6 0-1

[Event "*** SCC Grand Prix: Titled Tuesday Blitz"]
[Site "Chess.com"]
[Date "2020.06.02"]
[Round "5"]
[White "lrestevez"]
[Black "Lion-Al-Messi"]
[Result "0-1"]
[WhiteElo "2145"]
[BlackElo "2349"]
[TimeControl "180+1"]
[EndTime "10:57:44 PDT"]
[Termination "Lion-Al-Messi won on time"]

1. e4 e6 2. d4 Be7 3. Nc3 d5 4. e5 c5 5. dxc5 Nc6 6. f4 h5 7. Nf3 Nh6 8. a3 O-O 9. Bd2 Bxc5 10. Bd3 Ng4 11. Qe2 Bf2+ 12. Kd1 d4 13. Ne4 Be3 14.
Bxe3 Nxe3+ 15. Kc1 b6 16. Nfg5 g6 17. Nf6+ Kg7 18.
g4 h4 19. Qf2 Rh8 20. Re1 Bb7 21. b3 Na5 22. Kb2 Qc7 23. Rxe3 Qc3+ 24. Ka2 dxe3 25. Qxe3 Rac8 26. Rb1 Ba6 27. f5 Bxd3 28. cxd3 Rhd8 29.
fxe6 Rxd3 0-1

[Event "*** SCC Grand Prix: Titled Tuesday Blitz"]
[Site "Chess.com"]
[Date "2020.06.02"]
[Round "5"]
[White "Susal_De_Silva"]
[Black "GukeshDommaraju"]
[Result "0-1"]
[WhiteElo "2356"]
[BlackElo "2664"]
[TimeControl "180+1"]
[EndTime "10:57:45 PDT"]
[Termination "GukeshDommaraju won by resignation"]

1. e4 c5 2. Nf3 Nc6 3. Bb5 g6 4. Bxc6 dxc6 5. d3 Bg7 6. h3 Nf6 7. O-O Nd7 8. Nc3 e5 9. Be3 b6 10. a4 a5 11. Nd2 O-O 12. f4 exf4 13. Bxf4 Ne5 14. Nf3 Nxf3+ 15. Qxf3 Be6 16. Qg3 Qd7 17.
Kh1 Rac8 18. Qh4 f6 19. Qg3 f5 20. Rad1 Qd4 21. Be3 Qb4 22. Rb1 fxe4 23. Rxf8+ Rxf8 24. Nxe4 Ba2 25. Bd2 Qxa4 26. Ra1 Qxc2 27. Re1 Qxb2 28.
Bg5 Bd5 29. h4 a4 30. h5 a3 31. h6 Be5 32. Qg4 a2 33. Bf6 Bxf6 34. Nxf6+ Qxf6 35. Qd7 Qh4+ 0-1

[Event "*** SCC Grand Prix: Titled Tuesday Blitz"]
[Site "Chess.com"]
[Date "2020.06.02"]
[Round "5"]
[White "Parkas"]
[Black "2346PL"]
[Result "1-0"]
[WhiteElo "2323"]
[BlackElo "2441"]
[TimeControl "180+1"]
[EndTime "10:57:45 PDT"]
[Termination "Parkas won by resignation"]

1. c4 f5 2. g3 Nf6 3. Bg2 g6 4. Nf3 Bg7 5. O-O O-O 6. d4 d6 7. d5 Na6 8. Nc3 c5 9. dxc6 bxc6 10. Nd4 c5 11. Bxa8 cxd4 12. Qxd4 Ne4 13. Qd5+ e6 14.
Qd1 Nxc3 15. bxc3 Nc5 16. Bf4 e5 17. Be3 Qc7 18. Rb1 Kh8 19. Bxc5 dxc5 20. Bd5 e4 21. Qd2 Rd8 22. Rb3 Be5 23. e3 h5 24. Rfb1 h4 25. Qd1 Kg7 26. Qf1 hxg3 27. Rb7 gxh2+ 28. Kg2 Bxb7 29. Rxb7 Qxb7 30. Bxb7 Rh8 31. Kh1 Rb8 32.
Qb1 g5 33. Qb5 Rd8 34. Bd5 Bd6 35. Qb7+ Kh6 36. Qf7 Rf8 37. Qe6+ Kh5 38. Qxd6 Rh8 39. Qxh2+ Kg4 40. Qxh8 Kf3 41. Kg1 1-0

[Event "*** SCC Grand Prix: Titled Tuesday Blitz"]
[Site "Chess.com"]
[Date "2020.06.02"]
[Round "5"]
[White "PowerThinking2650"]
[Black "MashaFromRussia"]
[Result "1-0"]
[WhiteElo "2269"]
[BlackElo "2395"]
[TimeControl "180+1"]
[EndTime "10:57:45 PDT"]
[Termination "PowerThinking2650 won by resignation"]

1. e4 c5 2. Nf3 Nc6 3. d4 cxd4 4.
Nxd4 Nf6 5. Nc3 g6 6. Nxc6 bxc6 7. e5 Ng8 8. Bc4 Bg7 9. Qf3 f5 10. Bf4 Nh6 11. O-O-O Qa5 12. Rhe1 e6 13. Bxe6 dxe6 14.
Qxc6+ Kf7 15. Qxa8 Ng4 16. Qc6 Nxe5 17. Qd6 Nc4 18. Qc7+ Qxc7 19. Bxc7 e5 20. b3 Bh6+ 21. Kb1 Bd2 22. Rxd2 Nxd2+ 23. Kc1 Ne4 24. Nxe4 fxe4 25. Bxe5 Bf5 26. Bxh8 1-0

[Event "*** SCC Grand Prix: Titled Tuesday Blitz"]
[Site "Chess.com"]
[Date "2020.06.02"]
[Round "5"]
[White "Ashedu66"]
[Black "RobPeresian"]
[Result "0-1"]
[WhiteElo "2174"]
[BlackElo "2381"]
[TimeControl "180+1"]
[EndTime "10:57:47 PDT"]
[Termination "RobPeresian won on time"]

1. d4 d5 2. c4 c6 3. Nf3 Nf6 4.
Nc3 dxc4 5. a4 Bf5 6. g3 Nbd7 7. Bg2 a5 8. O-O Nb6 9. Ne5 g6 10. e4 Be6 11. Be3 Bg7 12. f4 O-O 13. Qe2 Qc8 14.
d5 cxd5 15. Bxb6 dxe4 16. Nxe4 Nd7 17. Nxd7 Bxd7 18. Rfd1 Bg4 19. Qc2 Bxd1 20. Rxd1 Qc6 21. Bf2 Rfd8 22. h3 Rxd1+ 23. Qxd1 Bxb2 24. Qc2 c3 25.
Bd4 Rd8 26. Bxc3 Bxc3 27. Qxc3 Qxa4 28. Qc7 Qd7 29. Qxa5 f6 30. Kh2 Kh8 31. Nc5 Qd2 32. Ne6 Qxa5 33. Nxd8 Qxd8 0-1

[Event "*** SCC Grand Prix: Titled Tuesday Blitz"]
[Site "Chess.com"]
[Date "2020.06.02"]
[Round "5"]
[White "Maghalashvili"]
[Black "valeriocarnicelli"]
[Result "1-0"]
[WhiteElo "2781"]
[BlackElo "2598"]
[TimeControl "180+1"]
[EndTime "10:57:48 PDT"]
[Termination "Maghalashvili won by resignation"]

1. Nf3 Nf6 2. g3 g6 3. Bg2 Bg7 4. O-O O-O 5. c4 d6 6. d4 Nbd7 7.
Nc3 e5 8. e4 c6 9. h3 Qb6 10.
c5 dxc5 11. dxe5 Ne8 12. e6 fxe6 13. Ng5 Ne5 14. f4 c4+ 15. Kh2 Nd3 16. e5 Nc7 17. Nce4 Nd5 18. Nd6 Qd4 19. Nxc8 Rfxc8 20. Nxe6 Qb6 21.
Qc2 Qa6 22. f5 Bxe5 23. fxg6 hxg6 24. Qe2 Nf6 25. Bg5 c5 26. Bxf6 Qxe6 27. Qe4 Bxg3+ 28. Kxg3 Qxe4 29. Bxe4 Re8 30. Bd5+ Kh7 31. Bxc4 Re3+ 32. Rf3 Rxf3+ 33. Kxf3 Rd8 34. Bxd3 Rxd3+ 35. Kg4 b5 36.
Re1 c4 37. Re8 g5 38. Kxg5 Rd5+ 39. Kg4 Kg6 40. Bc3 a6 41. Re6+ 1-0

[Event "*** SCC Grand Prix: Titled Tuesday Blitz"]
[Site "Chess.com"]
[Date "2020.06.02"]
[Round "5"]
[White "Aleksandar-Topalov"]
[Black "RobertoJBM"]
[Result "0-1"]
[WhiteElo "2445"]
[BlackElo "2625"]
[TimeControl "180+1"]
[EndTime "10:57:48 PDT"]
[Termination "RobertoJBM won by resignation"]

1. b3 d5 2. Bb2 Bg4 3. f3 Bh5 4. e4 dxe4 5. Qe2 c6 6. Nc3 exf3 7. Nxf3 e6 8. O-O-O Nd7 9. h3 Qa5 10. g4 Bg6 11. Kb1 Ngf6 12. Bg2 Ba3 13. Ba1 O-O-O 14.
Nh4 Rhe8 15. Nxg6 hxg6 16. Rhf1 Re7 17. Rf4 Bd6 18. Ra4 Qb6 19. Rf1 g5 20. Ne4 Nxe4 21.
Bxe4 f6 22. d4 e5 23. Qd3 exd4 24. Bxd4 Bc5 25. Bf5 Kc7 26. Qg3+ Ne5 27. Bb2 Bd4 28. Rxd4 Rxd4 29. Re1 Qc5 30. Qg1 Rd5 31. Qh2 Qd6 32.
Kc1 Nd3+ 0-1

[Event "*** SCC Grand Prix: Titled Tuesday Blitz"]
[Site "Chess.com"]
[Date "2020.06.02"]
[Round "5"]
[White "Aguiar94"]
[Black "kidagent"]
[Result "1-0"]
[WhiteElo "2415"]
[BlackElo "2195"]
[TimeControl "180+1"]
[EndTime "10:57:48 PDT"]
[Termination "Aguiar94 won by resignation"]

1. e4 c5 2. Nf3 d6 3. d4 cxd4 4. Qxd4 Nc6 5. Bb5 Bd7 6. Bxc6 bxc6 7. Nc3 e5 8. Qd3 Nf6 9. Bg5 Be7 10. O-O-O Be6 11. Bxf6 gxf6 12. Nh4 Qb6 13. Rhf1 O-O-O 14. f4 Kb8 15. g3 Rc8 16. Kb1 Rhd8 17. f5 Bd7 18.
Rf3 Rc7 19. Na4 Qb5 20. Qa3 Rb7 21. Rb3 Qe2 22. Nc3 Qxh2 23. Rxb7+ Kxb7 24. Qb3+ Kc7 25. Qxf7 Qxg3 26. Qxe7 Qxh4 27. Qxd6+ Kc8 28. Na4 Qh5 29. Nc5 Qf7 30. Ne6 1-0

[Event "*** SCC Grand Prix: Titled Tuesday Blitz"]
[Site "Chess.com"]
[Date "2020.06.02"]
[Round "5"]
[White "vanImpe"]
[Black "Pomegranate988"]
[Result "0-1"]
[WhiteElo "2339"]
[BlackElo "2541"]
[TimeControl "180+1"]
[EndTime "10:57:49 PDT"]
[Termination "Pomegranate988 won by resignation"]

1. g3 g6 2. Bg2 Bg7 3. d4 c5 4.
c3 d5 5. dxc5 Nf6 6. Nf3 O-O 7.
O-O a5 8. h3 Nc6 9. Na3 e6 10.
Bf4 Ne4 11. Be3 Qe7 12. Nd4 Nxc5 13. Nxc6 bxc6 14. Rb1 Nd7 15. Nc2 Ba6 16. Nd4 Rfc8 17. b4 Bc4 18. a3 axb4 19. axb4 c5 20. bxc5 Nxc5 21. Qc2 e5 22. Nf3 Ra2 23. Rb2 Rxb2 24. Qxb2 Na4 25. Qc2 Qa3 26. Bd2 Bxe2 27. Re1 Bxf3 28.
Bxf3 e4 29. Bg4 f5 30. Bd1 Nxc3 31. Bxc3 Qxc3 32. Qe2 d4 33. Qa2+ Kh8 34. Rf1 d3 35.
Qe6 Qc6 36. Qf7 Qc7 37. Qe6 Qc6 38. Qf7 Rf8 39. Qa7 Qb5 40. Ba4 Qb2 41. h4 Qd4 42. Qe7 Qxa4 0-1

[Event "*** SCC Grand Prix: Titled Tuesday Blitz"]
[Site "Chess.com"]
[Date "2020.06.02"]
[Round "5"]
[White "Agent-JL"]
[Black "Giraffe_Chess"]
[Result "0-1"]
[WhiteElo "2513"]
[BlackElo "2390"]
[TimeControl "180+1"]
[EndTime "10:57:50 PDT"]
[Termination "Giraffe_Chess won by resignation"]

1. b3 e5 2. Bb2 Nc6 3. Nf3 d6 4. e3 f5 5. d4 e4 6. Nfd2 Nf6 7. c4 Be7 8. Nc3 O-O 9. a3 a6 10. b4 Qe8 11. d5 Ne5 12. Nb3 Bd8 13. h3 Bd7 14. a4 Qg6 15. c5 Re8 16. b5 f4 17.
exf4 Nd3+ 18. Bxd3 exd3+ 19. Kf1 Bf5 20. c6 bxc6 21.
dxc6 Ne4 22. Nd5 Qf7 23. Ne3 Ng3+ 24. fxg3 Rxe3 25. Kg1 Re2 26. Bd4 Qd5 27. Bf2 Bf6 28. bxa6 Bxa1 29. Qxa1 Qxb3 30. g4 Be4 31. Qd4 Qd5 32.
Qb4 d2 33. Qb7 d1=Q+ 34. Kh2 Qxh1+ 35. Kxh1 Rf8 36. a7 Qxc6 37. a8=Q Rxa8 0-1

[Event "*** SCC Grand Prix: Titled Tuesday Blitz"]
[Site "Chess.com"]
[Date "2020.06.02"]
[Round "5"]
[White "BillieKimbah"]
[Black "FMJoseHerrera"]
[Result "1-0"]
[WhiteElo "2888"]
[BlackElo "2661"]
[TimeControl "180+1"]
[EndTime "10:57:51 PDT"]
[Termination "BillieKimbah won on time"]

1. Nf3 Nf6 2. g3 d6 3. d4 h5 4.
Bg2 h4 5. Nxh4 Nc6 6. c4 Bg4 7.
Nc3 Qd7 8. Nf3 Bh3 9. Bxh3 Qxh3 10. d5 Nb8 11. Qb3 Qc8 12. h4 Nbd7 13. Bf4 g6 14. e4 Bg7 15. Qc2 c6 16. Qe2 cxd5 17. exd5 O-O 18. Rc1 Nc5 19. O-O a5 20. Rfe1 Qf5 21.
Rcd1 Nh5 22. Bg5 Qh3 23. Bxe7 Rfd8 24. Bxd8 Rxd8 25. Ng5 Qf5 26. g4 Qf4 27. gxh5 Qxh4 28. Nce4 Be5 29. Qf3 f5 30. Nxc5 Bh2+ 31. Kf1 Qxg5 32.
Ne6 1-0

[Event "*** SCC Grand Prix: Titled Tuesday Blitz"]
[Site "Chess.com"]
[Date "2020.06.02"]
[Round "5"]
[White "LittlePeasant"]
[Black "GothamChess"]
[Result "1-0"]
[WhiteElo "2790"]
[BlackElo "2621"]
[TimeControl "180+1"]
[EndTime "10:57:51 PDT"]
[Termination "LittlePeasant won by resignation"]

1. Nf3 f5 2. d4 Nf6 3. Bf4 b6 4. h3 Bb7 5. e3 e6 6. Nbd2 Bd6 7. Bd3 Qe7 8. c3 O-O 9. Qe2 Ne4 10. Rg1 c5 11. Bxd6 Qxd6 12. O-O-O cxd4 13. exd4 Nxd2 14. Rxd2 Bxf3 15. Qxf3 Nc6 16. Re1 Rac8 17. Kb1 Ne7 18. Bc2 b5 19. Bb3 a5 20. Qg3 f4 21.
Qd3 a4 22. Bc2 g6 23. Qxb5 a3 24. Qb4 Qxb4 25. cxb4 axb2 26. Bb3 Nd5 27. Bxd5 exd5 28. Kxb2 Rc4 29. a3 Rfc8 30. Re5 Rc1 31. Rxd5 Rg1 32.
Rc5 Re8 33. f3 1-0

[Event "*** SCC Grand Prix: Titled Tuesday Blitz"]
[Site "Chess.com"]
[Date "2020.06.02"]
[Round "5"]
[White "Violord"]
[Black "CalinGheorghiu"]
[Result "1-0"]
[WhiteElo "2606"]
[BlackElo "2319"]
[TimeControl "180+1"]
[EndTime "10:57:51 PDT"]
[Termination "Violord won by checkmate"]

1. Nf3 d5 2. g3 Nf6 3. Bg2 g6 4.
O-O Bg7 5. c4 d4 6. d3 O-O 7. b4 a5 8. b5 Nfd7 9. a4 Nc5 10. Ba3 Nbd7 11. Nbd2 Re8 12. Ng5 e5 13. Nde4 Bf8 14. f4 h6 15. Nxf7 Kxf7 16. fxe5+ Kg7 17. Rxf8 Nxf8 18. Nxc5 Rxe5 19. Qd2 Ne6 20. Nxe6+ Bxe6 21. Bb2 Bg4 22. e3 Kh7 23. Bxd4 Re8 24. Bxb7 Rb8 25. Bd5 Rf8 26. Rf1 Rxf1+ 27. Kxf1 Bh3+ 28. Kg1 Qf8 29. Bg2 Bxg2 30. Qxg2 Qf5 31. Qd5 Qf7 32. Qxf7# 1-0

[Event "*** SCC Grand Prix: Titled Tuesday Blitz"]
[Site "Chess.com"]
[Date "2020.06.02"]
[Round "5"]
[White "GmSergioBarrientos"]
[Black "Ave_Mariia"]
[Result "1-0"]
[WhiteElo "2600"]
[BlackElo "2304"]
[TimeControl "180+1"]
[EndTime "10:57:51 PDT"]
[Termination "GmSergioBarrientos won by resignation"]

1. e4 c5 2. Nf3 d6 3. d4 cxd4 4. Nxd4 Nf6 5. Nc3 g6 6. Be2 Bg7 7. Be3 Nc6 8. Qd2 O-O 9. O-O-O Ng4 10. Bxg4 Bxg4 11. f3 Bd7 12. h4 Ne5 13. h5 Nc4 14. Qe2 Nxe3 15. Qxe3 b5 16. hxg6 hxg6 17. g4 Qa5 18. Kb1 Rac8 19. Nd5 Rfe8 20. Qg5 Qd8 21. Nf5 Bxf5 22. gxf5 e6 23. Qxd8 Rcxd8 24. fxe6 fxe6 25.
Nc7 Re7 26. Nxb5 Rb7 27. Nd4 Rdb8 28. b3 a5 29. Nxe6 Bf6 30. Rxd6 a4 31. Nc5 Rb6 32. Rxb6 Rxb6 33. Nd7 Rd6 34. Nxf6+ Rxf6 35. Rh3 axb3 36. cxb3 Kf7 37. a4 Ke6 38. b4 Ke5 39. Kb2 Kd4 40.
a5 Kc4 41. Ka3 g5 42. Rg3 Rd6 43. Rxg5 Rd3+ 44. Ka4 Rxf3 45. Rc5+ Kd4 46. e5 Rf1 47. a6 Ra1+ 48. Kb5 Ra2 49. Kb6 1-0

[Event "*** SCC Grand Prix: Titled Tuesday Blitz"]
[Site "Chess.com"]
[Date "2020.06.02"]
[Round "5"]
[White "TheoSlade"]
[Black "Machidon"]
[Result "0-1"]
[WhiteElo "2362"]
[BlackElo "2515"]
[TimeControl "180+1"]
[EndTime "10:57:52 PDT"]
[Termination "Machidon won by checkmate"]

1. d4 Nf6 2. c4 g6 3. g3 Bg7 4. Bg2 O-O 5. Nf3 d6 6. O-O c5 7.
Nc3 Nc6 8. d5 Na5 9. Qd3 b5 10.
cxb5 a6 11. Nd2 Nd7 12. Nc4 Nxc4 13. Qxc4 Nb6 14. Qd3 axb5 15. Nxb5 Ba6 16. a4 Qd7 17. Qb3 Bxb5 18. a5 Rfb8 19. Bg5 Nc4 20. Ra2 Ba6 21.
Qf3 Rxb2 22. Rxb2 Nxb2 23. h4 Rb8 24. Qe3 Rb7 25. h5 Nc4 26. Qf4 Qf5 27. Qh4 Bf6 28. Bxf6 Qxf6 29. Qg4 Qf5 30. Qh4 g5 31. Qh1 Nd2 32. Rd1 Rb1 33. Kh2 Qc2 34. Re1 c4 35. Bf3 Nxf3+ 36. exf3 Qxf2+ 37. Kh3 Bc8+ 38. g4 Rxe1 39.
Qg2 Qh4# 0-1

[Event "*** SCC Grand Prix: Titled Tuesday Blitz"]
[Site "Chess.com"]
[Date "2020.06.02"]
[Round "5"]
[White "ItsCheckM8Mate"]
[Black "FlightsOfFancy"]
[Result "1-0"]
[WhiteElo "2269"]
[BlackElo "1833"]
[TimeControl "180+1"]
[EndTime "10:57:52 PDT"]
[Termination "ItsCheckM8Mate won on time"]

1. d4 Nf6 2. Nf3 e6 3. Bf4 c5 4. e3 Nc6 5. Nbd2 d5 6. h3 Bd7 7.
c3 Rc8 8. Bd3 cxd4 9. exd4 Be7 10. O-O O-O 11. Ne5 Be8 12. Ndf3 Bd6 13. Re1 Ne7 14.
Bg5 Ng6 15. Qd2 Be7 16. Qe2 Nd7 17. Bxe7 Qxe7 18. Nxg6 hxg6 19. h4 Nf6 20. Ne5 Nd7 21. h5 Nxe5 22. dxe5 gxh5 23. Qxh5 g6 24. Qh6 f6 25.
Bxg6 fxe5 26. Bxe8 Rcxe8 27. Rxe5 1-0

[Event "*** SCC Grand Prix: Titled Tuesday Blitz"]
[Site "Chess.com"]
[Date "2020.06.02"]
[Round "5"]
[White "TST2014"]
[Black "Stronger1799"]
[Result "1-0"]
[WhiteElo "2510"]
[BlackElo "2353"]
[TimeControl "180+1"]
[EndTime "10:57:54 PDT"]
[Termination "TST2014 won by checkmate"]

1. d4 Nf6 2. c4 g6 3. Nc3 d5 4. Nf3 Bg7 5. Bg5 O-O 6. Bxf6 Bxf6 7. cxd5 c6 8. dxc6 Nxc6 9. e3 Qb6 10. Qb3 Nb4 11. Bc4 Bg4 12. O-O Bxf3 13. gxf3 e5 14. a3 exd4 15. Ne4 dxe3 16. fxe3 Bxb2 17. Qxb2 Qxe3+ 18. Kg2 Nd3 19. Nf6+ Kg7 20. Ne8+ Kh6 21. Qg7+ Kh5 22.
Qxh7+ Kg5 23. h4+ Kf5 24. Ng7+ Ke5 25. Bxd3 Qxd3 26. Rae1+ Kf6 27. Qh6 Rh8 28. Nh5+ Kf5 29. Qg5# 1-0

[Event "*** SCC Grand Prix: Titled Tuesday Blitz"]
[Site "Chess.com"]
[Date "2020.06.02"]
[Round "5"]
[White "MiroVlasenko"]
[Black "LiamVrolijk"]
[Result "0-1"]
[WhiteElo "2632"]
[BlackElo "2851"]
[TimeControl "180+1"]
[EndTime "10:57:55 PDT"]
[Termination "LiamVrolijk won by resignation"]

1. d4 d5 2. Bf4 c5 3. e3 Nc6 4. c3 cxd4 5. exd4 f6 6. Nf3 g5 7.
Bg3 Nh6 8. h4 g4 9. Nfd2 Bf5 10.
Qb3 Qd7 11. Na3 e6 12. Nb5 Rc8 13. Be2 a6 14. Na3 Na5 15. Qb6 Qd8 16. Qxd8+ Kxd8 17. Nab1 Nf7 18. Nf1 h5 19. Nbd2 Bd6 20. Ne3 Bg6 21. O-O Ke7 22. Rae1 b5 23. a3 Kd7 24. Kh2 Nc4 25.
Bxc4 bxc4 26. f3 Bd3 27. Rf2 f5 28. fxg4 hxg4 29. Bxd6 Nxd6 30. g3 Rb8 31. Nd1 Bc2 32.
Nxc4 Bxd1 33. Ne5+ Kc7 34. Rxd1 Ne4 35. Rc2 f4 36.
Nxg4 Rbg8 37. Kh3 Nxg3 38. Re1 Nf5 39. Rxe6 Rxh4+ 40. Kg2 Rgxg4+ 41. Kf3 Rg3+ 0-1

[Event "*** SCC Grand Prix: Titled Tuesday Blitz"]
[Site "Chess.com"]
[Date "2020.06.02"]
[Round "5"]
[White "H3nriqueTV"]
[Black "grunbergmihai"]
[Result "0-1"]
[WhiteElo "2182"]
[BlackElo "2383"]
[TimeControl "180+1"]
[EndTime "10:57:55 PDT"]
[Termination "grunbergmihai won by resignation"]

1. e4 c5 2. Nf3 e6 3. b3 d5 4.
exd5 exd5 5. Bb2 Nc6 6. Bb5 Nf6 7. O-O Be7 8. Bxc6+ bxc6 9. Ne5 Qc7 10. d4 O-O 11. dxc5 Bxc5 12. Nd2 Ba6 13. c4 Rad8 14. Qf3 Bd6 15. Rfe1 Rfe8 16. Qg3 Re6 17. f4 Rde8 18. Rac1 Bb4 19. cxd5 Nxd5 20. Red1 Qb6+ 21. Kh1 Qe3 22. Ndf3 Qxf4 23. Qxf4 Nxf4 24. Rxc6 f6 25. Rxe6 Nxe6 26. Nc6 Bc5 27. b4 Bb6 28. a4 Be2 29. Re1 Bc4 30.
b5 a5 31. Nfd4 Kf7 32. Nf5 Bc5 33. h3 Bb3 34. Rc1 Bxa4 35. b6 Bxc6 36. Rxc5 Nxc5 37. Nd6+ Ke7 38. Nxe8 Kxe8 39. Ba3 Nb7 40. Kg1 Kd7 41. Kf2 Bd5 42. Ke3 Bxg2 0-1

[Event "*** SCC Grand Prix: Titled Tuesday Blitz"]
[Site "Chess.com"]
[Date "2020.06.02"]
[Round "5"]
[White "Irochka83"]
[Black "EnergeticHay"]
[Result "0-1"]
[WhiteElo "2389"]
[BlackElo "2205"]
[TimeControl "180+1"]
[EndTime "10:57:55 PDT"]
[Termination "EnergeticHay won by resignation"]

1. d4 Nf6 2. c4 g6 3. Nc3 Bg7 4.
e4 d6 5. Bg5 h6 6. Be3 Ng4 7. Bc1 c5 8. d5 Bd4 9. Nh3 Na6 10. Be2 h5 11. Nb5 Bg7 12. f3 Nf6 13.
Nf2 O-O 14. O-O Nc7 15. Nc3 a6 16. a4 Rb8 17. f4 e6 18. e5 Nfe8 19. Nfe4 exd5 20.
cxd5 dxe5 21. d6 Ne6 22. f5 Nd4 23. f6 Bh8 24. Nd5 Bxf6 25. Nexf6+ Nxf6 26. Nxf6+ Kg7 27. Bxh5 Qxd6 28. Be2 Rh8 29. Qd2 Bf5 30. h3 Qxf6 31. g4 Qh4 32. gxf5 Qg3+ 0-1

[Event "*** SCC Grand Prix: Titled Tuesday Blitz"]
[Site "Chess.com"]
[Date "2020.06.02"]
[Round "5"]
[White "annamaja"]
[Black "Lovinski"]
[Result "1-0"]
[WhiteElo "2198"]
[BlackElo "2362"]
[TimeControl "180+1"]
[EndTime "10:57:55 PDT"]
[Termination "annamaja won by resignation"]

1. e4 e5 2. Nf3 Nc6 3. Bb5 a6 4. Ba4 Nf6 5. d3 d6 6. O-O Be7 7. c3 O-O 8. Nbd2 b5 9. Bc2 d5 10. exd5 Qxd5 11. Ne4 Bf5 12. Ng3 Bg6 13. Re1 Rad8 14.
Bg5 h6 15. Bxf6 Bxf6 16. Ne4 Be7 17. Qe2 a5 18. a4 b4 19. Rad1 f5 20. Ned2 Kh8 21.
Nxe5 Nxe5 22. Qxe5 Qxe5 23. Rxe5 Bf6 24. Rxa5 bxc3 25.
bxc3 Bxc3 26. Rc5 Bd4 27. Rxc7 Rb8 28. Nf3 Bh5 29. Rb1 Bxf3 30. Rxb8 Rxb8 31. gxf3 Rb2 32. Rc4 Bb6 33. f4 Ra2 34. Kg2 Kh7 35. Kf3 Bd8 36. d4 Ra3+ 37. Kg2 Bh4 38. Bxf5+ Kg8 39. Be6+ Kf8 40. d5 Ke7 41. Bg4 Rxa4 42. Rxa4 1-0

[Event "*** SCC Grand Prix: Titled Tuesday Blitz"]
[Site "Chess.com"]
[Date "2020.06.02"]
[Round "5"]
[White "evgchess5"]
[Black "BlackBoarder"]
[Result "1-0"]
[WhiteElo "2853"]
[BlackElo "2633"]
[TimeControl "180+1"]
[EndTime "10:57:56 PDT"]
[Termination "evgchess5 won by resignation"]

1. e4 e6 2. d4 d5 3. Bd3 dxe4 4.
Bxe4 Nf6 5. Bf3 Bd6 6. Nc3 O-O 7. Nge2 e5 8. dxe5 Bxe5 9. Qxd8 Rxd8 10. Bf4 Bxf4 11.
Nxf4 c6 12. Rd1 Rxd1+ 13. Kxd1 Bf5 14. Kc1 Nbd7 15. Re1 Kf8 16. h3 Re8 17. Rxe8+ Kxe8 18. g4 Bg6 19. b3 Ke7 20. Kd2 Kd6 21. Bg2 Ke5 22.
Nd3+ Bxd3 23. Kxd3 Kf4 24. Ne2+ Ke5 25. f4+ Kd6 26. c4 a5 27. Kd4 Nc5 28. Ng3 g6 29. g5 Nfd7 30. h4 Ne6+ 31. Ke3 f5 32. gxf6 Nxf6 33. f5 gxf5 34. Nxf5+ Ke5 35. Nh6 Nf4 36.
Nf7+ Kf5 37. Bf3 Ng4+ 38. Bxg4+ Kxg4 39. Nd8 Ne6 40. Nxe6 Kxh4 41. Kf3 1-0

[Event "*** SCC Grand Prix: Titled Tuesday Blitz"]
[Site "Chess.com"]
[Date "2020.06.02"]
[Round "5"]
[White "chess94cu"]
[Black "Alexander_Donchenko"]
[Result "0-1"]
[WhiteElo "2466"]
[BlackElo "2700"]
[TimeControl "180+1"]
[EndTime "10:57:56 PDT"]
[Termination "Alexander_Donchenko won by resignation"]

1. d4 d5 2. c4 dxc4 3. e3 e6 4. Bxc4 c5 5. Nf3 Nf6 6. O-O a6 7. dxc5 Bxc5 8. Qxd8+ Kxd8 9. Be2 Ke7 10. a3 b5 11. b4 Bd6 12. Bb2 Bb7 13. Nbd2 Nbd7 14. Nb3 Rhc8 15. Rac1 Bd5 16. Na5 Nb6 17. Ne5 Ke8 18.
f3 Bxe5 19. Bxe5 Nc4 20. Bd4 Nxa5 21. bxa5 Bc4 22. Kf2 Kd7 23. Rfd1 Bxe2 24. Kxe2 Rxc1 25. Rxc1 Nd5 26. g3 f6 27. e4 Ne7 28. Ke3 Rc8 29.
Rxc8 Kxc8 30. g4 Nc6 31. Bc3 Kd7 32. f4 Kd6 33. h4 Kc5 34. h5 Kc4 35. Ba1 h6 36. g5 e5 37. g6 Kb3 38. fxe5 fxe5 39. Kf3 Ka2 40. Bc3 Kb3 41. Ba1 Kxa3 42. Kg4 b4 43. Kf5 Ka2 44. Ke6 Kxa1 45. Kf7 b3 46. Kxg7 b2 47. Kf7 b1=Q 48. g7 Qb3+ 49. Kf8 Qb8+ 50.
Kf7 Qc7+ 0-1

[Event "*** SCC Grand Prix: Titled Tuesday Blitz"]
[Site "Chess.com"]
[Date "2020.06.02"]
[Round "5"]
[White "Arjun2002"]
[Black "Zufi1811"]
[Result "1-0"]
[WhiteElo "2645"]
[BlackElo "2457"]
[TimeControl "180+1"]
[EndTime "10:57:56 PDT"]
[Termination "Arjun2002 won by checkmate"]

1. e4 c5 2. Nf3 d6 3. Bb5+ Nd7 4. c3 Nf6 5. Bd3 e6 6. O-O Be7 7. Re1 O-O 8. Bc2 b6 9. d4 Bb7 10. a4 a6 11. Nbd2 Rc8 12. e5 Ne8 13. exd6 Nxd6 14. Ne4 Bxe4 15. Bxe4 cxd4 16. Qxd4 Nxe4 17. Rxe4 Nc5 18.
Re2 Nb3 19. Qxd8 Rfxd8 20. Rb1 Rd1+ 21. Re1 Rxe1+ 22. Nxe1 Rc4 23. Be3 Bc5 24. Rd1 h6 25. Bxc5 bxc5 26. Rd8+ Kh7 27. Rb8 Nd2 28. Nd3 Rxa4 29. g3 c4 30. Ne5 f6 31. Nd7 Kg6 32.
Rb7 e5 33. Nf8+ Kf5 34. Rxg7 Nf3+ 35. Kg2 Ne1+ 36. Kh3 Nd3 37. f3 Ra2 38. Rc7 Nxb2 39. Rc6 e4 40. Rc5# 1-0

[Event "*** SCC Grand Prix: Titled Tuesday Blitz"]
[Site "Chess.com"]
[Date "2020.06.02"]
[Round "5"]
[White "Everyfishknows"]
[Black "jocmil"]
[Result "1/2-1/2"]
[WhiteElo "2315"]
[BlackElo "2462"]
[TimeControl "180+1"]
[EndTime "10:57:57 PDT"]
[Termination "Game drawn - insufficient material"]

1. Nf3 Nf6 2. c4 g6 3. Nc3 Bg7 4. e4 O-O 5. d4 d6 6. Be2 c5 7. O-O cxd4 8. Nxd4 Nc6 9. Be3 Bd7 10. Qd2 Nxd4 11. Bxd4 Bc6 12. f3 Nd7 13. Be3 a5 14. b3 Nc5 15. Rab1 Qb6 16. Rfc1 Be5 17. Nd5 Qd8 18.
Bd4 e6 19. Nc3 b6 20. Bxe5 dxe5 21. Qxd8 Rfxd8 22. Rd1 Rd4 23. Kf2 Rad8 24. Ke3 f5 25. exf5 exf5 26. g3 Kf7 27. f4 Rxd1 28. Rxd1 Rxd1 29.
Bxd1 Ke6 30. Bc2 h6 31. h4 exf4+ 32. Kxf4 Kf6 33. a3 g5+ 34. hxg5+ hxg5+ 35. Ke3 Ke5 36. b4 axb4 37. axb4 Ne6 38. b5 f4+ 39. gxf4+ gxf4+ 40. Kf2 Bb7 41. Na4 Kd4 42. Nxb6 Kc5 43. Nd7+ Kxc4 44.
b6 Nd4 45. Bd1 Kb5 46. Ne5 Kxb6 47. Ng6 f3 48. Ne5 Kc5 49. Nxf3 Nxf3 50. Bxf3 1/2-1/2